 Dungeon Crawl Stone Soup version 0.30-a0-341-g682706514a (webtiles) character file.

Game seed: 15655822215381823710

7588 ParallaxScroll the Cleaver (level 10, -2/68 HPs)
             Began as a Minotaur Chaos Knight on Nov 2, 2022.
             Was a Plaything of Xom.
             Slain by an orc warrior
             ... wielding a +0 battleaxe
              (22 damage)
             ... on level 9 of the Dungeon on Nov 3, 2022.
             The game lasted 00:55:49 (9249 turns).

ParallaxScroll the Cleaver (Minotaur Chaos Knight)  Turns: 9249, Time: 00:55:49

Health: -2/68      AC: 17    Str: 16    XL:     10   Next: 97%
Magic:  9/9        EV: 13    Int: 17    God:    Xom [..*...]
Gold:   460        SH:  0    Dex: 15    Spells: 9/9 levels left

rFire   x . .      SeeInvis .    a - +4 war axe "Moshritra" {vorpal, rElec rCorr Str-4 Int+2}
rCold   + . .      Faith    .    (no shield)
rNeg    . . .      Spirit   .    E - +3 ring mail "Daxotwigh" {rPois rF- rC+ Dex+4}
rPois   +          Reflect  .    (helmet restricted)
rElec   +          Harm     .    o - +0 cloak
rCorr   +          Rampage  .    V - +0 pair of gloves
Will    .....                    L - +2 pair of boots
Stlth   +.........               J - amulet of regeneration
HPRegen 1.11/turn                Z - +6 ring of intelligence
MPRegen 0.11/turn                (no ring)

@: no status effects
A: horns 2, retaliatory headbutt, claws 1, talons 1, iridescent scales 1, frail
2
a: Renounce Religion


You were on level 9 of the Dungeon.
You worshipped Xom.
You were a toy of Xom.
You visited 1 branch of the dungeon, and saw 9 of its levels.

You collected 460 gold pieces.

Inventory:

Hand Weapons
 a - the +4 war axe "Moshritra" (weapon) {vorpal, rElec rCorr Str-4 Int+2}
   (You found it on level 3 of the Dungeon)

   It inflicts extra damage upon your enemies.
   Str:       It affects your strength (-4).
   Int:       It affects your intelligence (+2).
   rElec:     It insulates you from electricity.
   rCorr:     It protects you from acid and corrosion.
 b - a +0 shortbow
 c - a +4 hand axe of flaming
 d - a +0 broad axe
 g - the +5 long sword of the Dragonfly {chaos, Fly rN+ Int+4}
   (Xom gifted it to you on level 4 of the Dungeon)

   Each time it hits an enemy it has a different, random effect.
   Int:       It affects your intelligence (+4).
   rN:        It protects you from negative energy.
   Fly:       It grants you flight.
 h - a +0 sling
 n - a +1 whip of holy wrath
 x - a +0 morningstar
 D - a +0 dagger of venom
 W - a +2 flail
Missiles
 e - 66 stones
 k - a throwing net
 m - 4 poisoned darts (quivered)
 u - 2 curare-tipped darts
 F - 3 boomerangs
Armour
 i - a +0 plate armour
 l - a +0 ring mail
 o - a +0 cloak (worn)
 E - the +3 ring mail "Daxotwigh" (worn) {rPois rF- rC+ Dex+4}
   (You found it on level 3 of the Dungeon)

   Dex:       It affects your dexterity (+4).
   rF:        It makes you vulnerable to fire.
   rC:        It protects you from cold.
   rPois:     It protects you from poison.
 I - a +0 tower shield
 L - a +2 pair of boots (worn)
 M - a +0 chain mail
 V - a +0 pair of gloves (worn)
Magical Staves
 t - a staff of cold
 B - a staff of cold
 X - a staff of cold
Jewellery
 J - an amulet of regeneration (around neck)
 K - an amulet of guardian spirit
 Z - a +6 ring of intelligence (left hand)
Wands
 j - a wand of iceblast (12)
 C - a wand of charming (23)
 G - a wand of flame (27)
Scrolls
 s - 2 scrolls of enchant armour
 v - a scroll of brand weapon {unknown}
 A - a scroll of enchant weapon {unknown}
 H - a scroll of fear
 N - a scroll of torment {unknown}
 R - 2 scrolls of blinking {unknown}
 T - a scroll of amnesia {unknown}
 U - 3 scrolls of teleportation {unknown}
 Y - a scroll of immolation
Potions
 f - 3 potions of attraction
 p - 5 potions of curing
 q - a potion of heal wounds
 r - 4 potions of ambrosia
 w - 3 potions of lignification
 z - 2 potions of flight {unknown}
 O - a potion of haste
 P - 3 potions of mutation
 Q - 2 potions of brilliance
 S - 3 potions of cancellation
Miscellaneous
 y - a piece from Xom's chessboard (14/15)


   Skills:
 - Level 7.0 Fighting
 + Level 14.9 Axes
 - Level 3.0 Ranged Weapons
 - Level 3.0 Throwing
 + Level 7.9 Armour
 - Level 5.0 Dodging
 + Level 4.8 Evocations


You had 9 spell levels left.
You didn't know any spells.
Your spell library contained the following spells:

 Spells                   Type           Power      Damage    Failure   Level
 Cigotuvi's Dreadful Rot  Necr/Pois/Air  0%         N/A       52%         2
 Poisonous Vapours        Pois/Air       0%         N/A       52%         2
 Sublimation of Blood     Necr           0%         N/A       52%         2
 Wereblood                Tmut           0%         N/A       52%         2
 Mephitic Cloud           Conj/Pois/Air  0%         N/A       77%         3
 Cause Fear               Hex            0%         N/A       99%         4
 Dragon Form              Tmut           0%         N/A       100%        7
 Summon Hydra             Summ           0%         N/A       100%        7
 Dragon's Call            Summ           0%         N/A       100%        9


Dungeon Overview and Level Annotations

Branches:
Dungeon (9/15)             Temple (0/1) D:7
   Lair: D:8-11         Orc: D:9-12

Altars:
Dithmenos
Fedhas
Trog
Uskayaw
Vehumet
Xom
Zin

Shops:
D:5 [

Annotations:
D:8 Gastronok


Innate Abilities, Weirdness & Mutations

You have a pair of horns on your head.
You reflexively headbutt those who attack you in melee.
You have sharp fingernails.
You have sharp toenails.
You are partially covered in iridescent scales. (AC +2)
You are very frail. (-20% HP)


Message History

The orc warrior shouts!
You hear a shout!
Okay, then.
You make a move on Xom's chessboard...
The orc warrior resists with significant effort.
Okay, then.
Aiming: Throw Flame
Press: ? - help, Shift-Dir - straight line, f - orc warrior
Aim: an orc warrior, wielding a +0 battleaxe and wearing a +0 plate armour (74% to hit)
The puff of flame hits the orc warrior.
The orc warrior is moderately wounded.
Aiming: Throw Flame
Press: ? - help, Shift-Dir - straight line, f/p - orc warrior
Aim: an orc warrior, wielding a +0 battleaxe and wearing a +0 plate armour (moderately wounded, 74% to hit)
The puff of flame hits the orc warrior!
The orc warrior is severely wounded.
You feel weaker.
You feel clever.
a - the +4 war axe "Moshritra" (weapon)
{vorpal, rElec rCorr Str-4 Int+2} Xom guffaws.
The orc warrior flies into a frenzy!
You are now a toy of Xom.
The orc warrior closely misses you.
You hit the orc warrior. You headbutt the orc warrior.
The orc warrior is almost dead.
The orc warrior hits you with a +0 battleaxe!!
The orc warrior completely misses you.
Things that are here:
a +0 whip; a +0 shortbow; a centaur corpse The orc warrior closely misses you.
The orc warrior attacks as you move away!
The orc warrior hits you with a +0 battleaxe!!
* * * LOW HITPOINT WARNING * * *
Xom is amused.
Things that are here:
a +0 flail; a +0 shortbow; a bullfrog corpse You hit the orc warrior.
The orc warrior is almost dead.
The orc warrior hits you with a +0 battleaxe!!
You die... "It's all fun and games until someone loses an eye."

.......#.....#
#.....##.........
.......#.....#
#.....##.........
.......#.....#
#.....'$..P......
.......#.....#
#.....#.....#'##.
.......#.....# #..>..z...3.#
.# .......'..#.##
#....<#.....# .......##....♣#
###.........##
#########...).#####.###.......
#..♣.♣))@.#.#..........
#.♣...###o###.##.......
#....##...)............
#######.#.##..........
#....#.#.####.#. #.......... #
#....#.#.##.# #....#.#.# #
#....#.#.#


You could see a neutral orc warrior (fast, strong, insane).

Vanquished Creatures
  A boulder beetle (D:7)
  A soul eater (D:9)
  Pikel (D:7)
  A red devil (D:9)
  A troll (D:9)
  Prince Ribbit (D:8)
  5 yaks
  A chaos spawn (D:9)
  An ice beast (D:6)
  3 black bears
  4 ogres
  5 centaurs
  A lemure (D:7)
  5 phantoms
  3 kobold brigands
  Blork the orc (D:6)
  6 bullfrogs
  8 scorpions
  9 wights (D:9)
  2 howler monkeys
  4 jellies
  A quasit (D:7)
  6 orc priests
  2 hounds
  A gnoll bouda (D:7)
  2 iguanas (D:5)
  A bullfrog skeleton (D:4)
  A centaur skeleton (D:4)
  9 orc wizards
  Ijyb (D:3)
  Natasha (thrice) (D:3)
  A hound zombie (D:4)
  7 adders
  5 gnolls
  2 shadow imps
  A white imp (D:5)
  2 ufetubi
  An adder zombie (D:4)
  A worm (D:2)
  2 dart slugs
  27 orcs
  7 endoplasms
  4 giant cockroaches (D:1)
  2 goblins
  6 hobgoblins
  6 jackals
  4 quokkas
  7 ball pythons
  4 bats
  5 frilled lizards
  18 kobolds
  2 rats
205 creatures vanquished.

Vanquished Creatures (collateral kills)
  A yak (D:8)
  A kobold brigand (D:9)
  A gnoll (D:7)
  An adder (D:1)
  A goblin (D:1)
  A hobgoblin (D:1)
  2 quokkas (D:1)
  A frilled lizard (D:1)
  6 kobolds
15 creatures vanquished.

Vanquished Creatures (others)
  2 yaks (D:8)
  A lemure (D:7)
  A gnoll (D:7)
  A kobold (D:2)
  3 demonic plants (D:9)
  15 fungi (D:9)
  18 plants (D:9)
  8 withered plants (D:4)
49 creatures vanquished.

Grand Total: 269 creatures vanquished

Notes
Turn   | Place    | Note
-------+----------+-------------------------------------------
     0 | D:1      | ParallaxScroll the Minotaur Chaos Knight began the quest
                  | for the Orb.
     0 | D:1      | Reached XP level 1. HP: 19/19 MP: 0/0
    67 | D:1      | Reached skill level 4 in Axes
   276 | D:1      | XOM: 1-stop teleportation journey
   286 | D:1      | Reached XP level 2. HP: 22/26 MP: 1/1
   418 | D:1      | Found a faded altar of an unknown god.
   418 | D:1      | XOM: 3-stop teleportation journey
   632 | D:1      | XOM is BORED!
   650 | D:1      | Reached skill level 5 in Axes
   683 | D:1      | XOM: cloud trail
   765 | D:1      | Reached XP level 3. HP: 31/31 MP: 2/2
   951 | D:2      | XOM: 1-stop teleportation journey
   962 | D:2      | XOM: swap monsters
   966 | D:2      | Reached XP level 4. HP: 29/39 MP: 3/3
   967 | D:2      | Reached skill level 6 in Axes
  1022 | D:2      | XOM: destruction
  1254 | D:2      | Noticed a scorpion
  1261 | D:2      | Killed a scorpion
  1275 | D:2      | XOM: noise
  1335 | D:2      | Reached XP level 5. HP: 26/45 MP: 4/4
  1575 | D:2      | XOM: scenery: summon butterflies
  1720 | D:3      | Reached skill level 7 in Axes
  1789 | D:3      | Identified the +4 war axe "Moshritra" {vorpal, rElec rCorr
                  | Str-4 Int+2}
  1789 | D:3      | XOM: scenery: summon butterflies
  1824 | D:3      | Noticed Natasha
  1846 | D:3      | Killed Natasha
  1938 | D:3      | XOM: smoke on damage
  2017 | D:3      | Reached skill level 8 in Axes
  2017 | D:3      | Reached XP level 6. HP: 29/53 MP: 5/5
  2022 | D:3      | Reached skill level 5 in Fighting
  2043 | D:3      | Noticed Natasha
  2182 | D:2      | XOM: god gift: runed brass wand {god gift}
  2215 | D:1      | Found a faded altar of an unknown god.
  2651 | D:1      | XOM: give mutation
  2651 | D:1      | Gained mutation: You are dopey. (Int -2) [Xom's mischief]
  2861 | D:3      | Identified the +3 ring mail "Daxotwigh" {rPois rF- rC+
                  | Dex+4}
  2894 | D:3      | Killed Natasha
  2961 | D:3      | Noticed Ijyb
  2982 | D:3      | Killed Ijyb
  2993 | D:3      | Noticed Natasha
  3003 | D:3      | Killed Natasha
  3038 | D:3      | XOM: blink monster(s)
  3271 | D:3      | Reached XP level 7. HP: 51/61 MP: 6/6
  3302 | D:3      | XOM: give mutations
  3302 | D:3      | Gained mutation: Armour fits poorly on your strangely
                  | shaped body. [Xom's mischief]
  3302 | D:3      | Lost mutation: You are dopey. (Int -2) [Xom's mischief]
  3302 | D:3      | Lost mutation: Armour fits poorly on your strangely shaped
                  | body. [Xom's mischief]
  3468 | D:3      | XOM: silly message
  4122 | D:4      | Reached skill level 1 in Ranged Weapons
  4122 | D:4      | Reached skill level 5 in Armour
  4322 | D:4      | XOM: confusion
  4324 | D:4      | XOM: noise
  4430 | D:4      | XOM: give mutations
  4430 | D:4      | Gained mutation: You are partially covered in iridescent
                  | scales. (AC +2) [Xom's grace]
  4430 | D:4      | Gained mutation: You have sharp toenails. [Xom's grace]
  4473 | D:4      | XOM is BORED!
  4580 | D:4      | Reached skill level 9 in Axes
  4774 | D:4      | XOM: divination: detect items
  4886 | D:4      | Reached XP level 8. HP: 68/68 MP: 7/7
  4940 | D:4      | Reached skill level 10 in Axes
  5180 | D:4      | XOM: god gift: dazzling long sword {god gift}
  5180 | D:4      | Identified the +5 long sword of the Dragonfly {chaos, Fly
                  | rN+ Int+4} (Xom gifted it to you on level 4 of the Dungeon)
  5188 | D:5      | Entered Level 5 of the Dungeon
  5393 | D:5      | Reached skill level 11 in Axes
  5440 | D:5      | XOM: 2-stop teleportation journey
  5485 | D:5      | Found a glowing golden altar of the Shining One.
  5493 | D:5      | Found a glowing silver altar of Zin.
  5493 | D:5      | Found a shimmering altar of Xom.
  5495 | D:5      | Found a blossoming altar of Fedhas.
  5495 | D:5      | Found a bloodstained altar of Trog.
  5495 | D:5      | Found a radiant altar of Vehumet.
  5562 | D:5      | XOM: cloud trail
  5600 | D:5      | XOM: confuse monster(s)
  5626 | D:5      | Found Guijaecy's Antique Armour Emporium.
  5974 | D:5      | Reached skill level 1 in Throwing
  5974 | D:5      | Reached skill level 1 in Evocations
  5983 | D:6      | XOM: fake destruction
  6086 | D:6      | XOM: god gift: 59 gold pieces
  6094 | D:6      | XOM: enchant monster (bad)
  6100 | D:6      | Reached XP level 9. HP: 74/74 MP: 8/8
  6183 | D:6      | XOM: silly message
  6311 | D:6      | Noticed Blork the orc
  6318 | D:6      | Killed Blork the orc
  6320 | D:6      | XOM is BORED!
  6536 | D:7      | Found a staircase to the Ecumenical Temple.
  6583 | D:7      | Noticed Pikel
  6799 | D:7      | XOM: polymorph lemure -> quasit
  6838 | D:7      | XOM: noise
  6840 | D:7      | Killed Pikel
  6910 | D:7      | Noticed a boulder beetle
  6927 | D:7      | Killed a boulder beetle
  6928 | D:7      | Reached skill level 12 in Axes
  7293 | D:7      | XOM: divination: magic mapping
  7297 | D:7      | Found a hide-covered altar of Uskayaw.
  7471 | D:7      | XOM: divination: magic mapping
  7525 | D:7      | XOM: silly message
  7594 | D:8      | Noticed Gastronok
  7617 | D:7      | XOM: give mutation
  7617 | D:7      | Gained mutation: You have sharp fingernails. [Xom's grace]
  7645 | D:8      | Noticed Prince Ribbit
  7646 | D:8      | XOM: 2-stop teleportation journey
  7651 | D:8      | Reached XP level 10. HP: 86/86 MP: 9/9
  7654 | D:8      | Killed Prince Ribbit
  7656 | D:8      | XOM: give mutation
  7656 | D:8      | Gained mutation: You are frail. (-10% HP) [Xom's mischief]
  7807 | D:8      | Reached skill level 13 in Axes
  8447 | D:8      | XOM: summons 1 hostile demon
  8549 | D:9      | XOM: repel stairs
  8715 | D:9      | Found a shadowy altar of Dithmenos.
  8739 | D:9      | XOM: blink monster(s)
  8743 | D:9      | Reached skill level 14 in Axes
  8881 | D:9      | XOM: summons 6 hostile demons
  8929 | D:9      | Gained mutation: You are very frail. (-20% HP) [a neqoxec]
  8954 | D:8      | XOM: noise
  9002 | D:9      | XOM: polymorph hellwing -> red devil
  9014 | D:9      | Noticed a soul eater
  9036 | D:9      | Killed a soul eater
  9043 | D:9      | XOM: 9-stop teleportation journey
  9049 | D:9      | XOM: silly message
  9152 | D:9      | Reached skill level 5 in Dodging
  9164 | D:9      | XOM: cleaving
  9242 | D:9      | XOM: cast spell 'Discord'
  9249 | D:9      | Slain by an orc warrior

Illustrated notes

Levels and vault maps discovered:
D:1:      dpeg_arrival_tiny_j, layout_loops_ring,
          hellmonk_ecumenical_altar_zigzags
D:2:      layout_loops_cross
D:3:      cheibrodos_thug_alley, layout_basic, uniq_natasha, uniq_ijyb
D:4:      layout_loops_corners, serial_undead, serial_undead_e, serial_undead_c,
          serial_undead_f, serial_undead_e, serial_undead_b, serial_undead_d,
          serial_undead_f, serial_undead_b
D:5:      layout_loops_ring, doesnt_xom_only_xom, serial_shops, shop,
          serial_bayou_pond_e
D:6:      layout_rooms, uniq_blork_the_orc
D:7:      layout_loops_ring, eat_drink_and_be_merry_uskayaw,
          minmay_temple_entry_mini_moons, serial_rivers,
          chequers_serial_rivers_micro_e, chequers_serial_rivers_large_a,
          chequers_serial_rivers_micro_c, chequers_serial_rivers_marsh,
          chequers_serial_rivers_small_3, uniq_pikel
D:8:      layout_loops_ring, uniq_prince_ribbit1, uniq_gastronok
D:9:      layout_basic, nicolae_dithmenos_the_darkroom,
          grunt_lair_entry_orc_guard_hut, serial_demonic, serial_demonic_c,
          serial_demonic_b, serial_demonic_f, serial_demonic_c,
          eino_house_with_fridge

Skill      XL: |  1  2  3  4  5  6  7  8  9 10 |
---------------+-------------------------------+-----
Axes           | 4 5 6 8 9 11 12 14 | 14.9
Fighting       | 4 5 7 |  7.0
Armour         | 4 5 6 7 |  7.9
Dodging        | 2 4 5 |  5.0
Ranged Weapons | 2 3 |  3.0
Throwing       | 2 3 |  3.0
Evocations     | 2 4 |  4.8

Action                   |  1- 3 |  4- 6 |  7- 9 | 10-12 || total
-------------------------+-------+-------+-------+-------++-------
Melee: Hand axe          |    11 |       |       |       ||    11
       Broad axe         |    49 |    23 |       |       ||    72
       Headbutt          |     6 |    13 |    30 |    28 ||    77
       War axe           |       |    54 |   170 |   153 ||   377
       Punch             |       |       |     2 |     3 ||     5
 Fire: Sling             |       |    33 |   122 |       ||   155
       Shortbow          |       |       |    19 |    77 ||    96
Throw: Stone             |     8 |     4 |       |       ||    12
       Boomerang         |       |     1 |       |       ||     1
       Dart              |       |       |    23 |     4 ||    27
Evoke: Piece from Xom's  |       |     4 |       |     1 ||     5
       Wand              |       |     1 |    11 |    13 ||    25
  Use: Scroll            |       |     4 |     8 |     4 ||    16
       Potion            |       |       |     3 |       ||     3
 Stab: Sleeping          |     1 |       |       |       ||     1
       Invisible         |       |       |     1 |       ||     1
Armor: Leather armour    |    27 |    21 |     4 |       ||    52
       Ring mail         |       |       |    61 |    91 ||   152
       Plate armour      |       |       |    36 |       ||    36
Dodge: Dodged            |    31 |    31 |    71 |    82 ||   215

Table legend: (Time is in decaauts)
 A = Elapsed time spent in this place.
 B = Non-inter-level travel time spent in this place.
 C = Inter-level travel time spent in this place.
 D = Time resting spent in this place.
 E = Time spent auto-exploring this place.
 F = Levels seen in this place.
 G = Mean time per level.
                   A        B        C        D        E       F      G
               +--------+--------+--------+--------+--------+-----+--------+
         Total |   9292 |   8607 |    685 |    903 |   5562 |   9 | 1032.4 |
       Dungeon |   9292 |   8607 |    685 |    903 |   5562 |   9 | 1032.4 |
               +--------+--------+--------+--------+--------+-----+--------+

Top non-repeatable levels by time:
     D:3: 1760 daAuts
     D:1: 1439 daAuts
     D:4: 1093 daAuts
     D:7: 1055 daAuts
     D:2: 954 daAuts
     D:8: 916 daAuts
     D:5: 782 daAuts
     D:9: 681 daAuts
     D:6: 608 daAuts
